 Dungeon Crawl Stone Soup version 0.22.1-2-g9c5b331 (webtiles) character file.

103 Tiagovsky the Firebug (level 4, 0/37 HPs)
             Began as a Draconian Fire Elementalist on Jan 1, 2019.
             Succumbed to a worker ant's poison
             ... on level 2 of the Dungeon.
             The game lasted 00:15:48 (2455 turns).

Tiagovsky the Firebug (Draconian Fire Elementalist) Turns: 2455, Time: 00:15:48

Health: 0/37       AC:  5    Str: 10    XL:     4   Next: 51%
Magic:  2/6        EV: 12    Int: 21    God:
Gold:   201        SH:  0    Dex: 12    Spells: 1/7 levels left

rFire    . . .     SeeInvis .   k - -2 short sword (curse)
rCold    . . .     Gourm    .   (no shield)
rNeg     . . .     Faith    .   (armour unavailable)
rPois    .         Spirit   .   (helmet restricted)
rElec    .         Reflect  .   (no cloak)
rCorr    +         Harm     .   (no gloves)
MR       .....                  (no boots)
Stlth    ++........             i - amulet of the acrobat
HPRegen  0.12/turn              q - ring of resist corrosion
MPRegen  0.10/turn              (no ring)

@: brilliant, lethally poisoned (0 -> -6)
A: unfitting armour, fangs 1, blink, low mp 1, cold-blooded, AC +5
a: Blink


You were on level 2 of the Dungeon.
You were not hungry.

You visited 1 branch of the dungeon, and saw 3 of its levels.

You collected 201 gold pieces.

Inventory:

Hand Weapons
 d - a +0 short sword
 k - a cursed -2 short sword (weapon)
 m - a +0 hunting sling
Missiles
 f - 43 stones (quivered)
Armour
 n - a +0 helmet
Jewellery
 g - an uncursed amulet of the gourmand
 i - an amulet of the acrobat (around neck)
 q - a ring of resist corrosion (left hand)
Scrolls
 a - 7 scrolls of identify
 h - 4 scrolls of amnesia
Potions
 e - a potion of mutation
 j - a potion of curing {unknown}
 l - a potion of lignification {unknown}
 p - 2 potions of heal wounds {unknown}
 r - a potion of ambrosia {unknown}
 s - a potion of magic {unknown}
Comestibles
 b - 6 rations


   Skills:
 + Level 2.4 Fighting
 - Level 1.7 Dodging
 - Level 1.7 Stealth
 - Level 2.0 Spellcasting
 + Level 2.6 Conjurations
 + Level 3.9 Fire Magic


You had one spell level left.
You knew the following spells:

 Your Spells              Type           Power        Failure   Level  Hunger
a - Flame Tongue          Conj/Fire      ####.        1%          1    #......
b - Throw Flame           Conj/Fire      ####..       1%          2    ##.....
c - Conjure Flame         Conj/Fire      ####....     1%          3    ###....

Your spell library contained the following spells:

 Spells                   Type           Power        Failure   Level  Hunger
 Inner Flame              Hex/Fire       ###.....     2%          3    ###....
 Sticky Flame             Conj/Fire      ####....     4%          4    #####..
 Fireball                 Conj/Fire      ####......   12%         5    ######.


Dungeon Overview and Level Annotations

Branches:
Dungeon (3/15)

Altars:


Innate Abilities, Weirdness & Mutations

Your plain brown scales are hard. (AC +5)
You cannot fit into any form of body armour.
You are cold-blooded and may be slowed by cold attacks.
You have very sharp teeth.
You can translocate small distances at will.
Your magical capacity is low. (-10% MP)


Message History

* * * LOW HITPOINT WARNING * * *
You feel sick. The worker ant barely misses you.
* * * LOW HITPOINT WARNING * * *
You feel sick.
Found a battleaxe.
A giant cockroach comes into view.
* * * LOW HITPOINT WARNING * * *
You feel sick. The worker ant barely misses you.
* * * LOW HITPOINT WARNING * * *
You feel sick. The worker ant bites you.
* * * LOW HITPOINT WARNING * * *
* * * LOW HITPOINT WARNING * * *
You feel sick.
* * * LOW HITPOINT WARNING * * *
You feel sick.
There is a stone staircase leading up here.
The worker ant barely misses you. The giant cockroach barely misses you.
The worker ant bites you but does no damage.
You climb upwards.
You die...

P###.###..#####.###############..
#P.....#.## #..##.......#.......
PP.....#.# ##.###.#####.#.####..
#......#.# #...##.###......###..
#....P...# #...##.##.........#.♣
#......#.# #...##.##..#.#..#.#..
PP.....#.# #...##.##..#....#.#..
###''##P.####.............#.#.#..
................@......##.#.#.##.
.##.............as..........#....
.##.#.##.....>........###.######.
.##.#.#######.........###.# #.
.#....##### #...########..# ##
..........# #...# #.##
.#..##.##.# #...# #.#
....##.##.###...## #.#######
.#..##....†...#..# #.......#


You could see a worker ant and a giant cockroach.

Vanquished Creatures
  3 gnolls (D:2)
  2 adders (D:2)
  An ooze (D:2)
  3 worms
  A dart slug (D:1)
  7 bats
  5 goblins
  4 hobgoblins
  A jackal (D:2)
  8 kobolds
  2 quokkas
  2 frilled lizards (D:1)
  A rat (D:1)
40 creatures vanquished.

Notes
Turn   | Place    | Note
-------+----------+-------------------------------------------
     0 | D:1      | Tiagovsky the Draconian Fire Elementalist began the quest
                  | for the Orb.
     0 | D:1      | Reached XP level 1. HP: 14/14 MP: 3/3
   138 | D:1      | Reached skill level 1 in Fighting
   138 | D:1      | Reached XP level 2. HP: 8/23 MP: 0/5
   604 | D:1      | Learned a level 2 spell: Throw Flame
   976 | D:2      | Reached XP level 3. HP: 28/28 MP: 0/6
  1502 | D:2      | Found a faded altar of an unknown god.
  1592 | D:2      | Reached XP level 4. HP: 31/36 MP: 1/7
  2158 | D:3      | Learned a level 3 spell: Conjure Flame
  2441 | D:3      | Gained mutation: Your magical capacity is low. (-10% MP)
                  | [potion of mutation]
  2441 | D:3      | Gained mutation: You have very sharp teeth. [potion of
                  | mutation]
  2441 | D:3      | Gained mutation: You can translocate small distances at
                  | will. [potion of mutation]
  2453 | D:3      | HP: 1/37 [poisoned by a worker ant]
  2455 | D:2      | Succumbed to a worker ant's poison

Skill      XL: |  1  2  3 |
---------------+----------+-----
Fighting       | 1 2 |  2.4
Conjurations   | 2 |  2.6
Dodging        | |  1.7
Stealth        | |  1.7
Spellcasting   | |  2.0
Fire Magic     | |  3.9

Action                   |  1- 3 |  4- 6 || total
-------------------------+-------+-------++-------
Melee: Short sword       |    45 |    16 ||    61
       Tailslap          |     6 |     3 ||     9
Throw: Stone             |    30 |       ||    30
 Cast: Flame Tongue      |    35 |    10 ||    45
       Throw Flame       |    15 |     9 ||    24
 Abil: Blink             |       |     1 ||     1
  Use: Scroll            |     4 |       ||     4
       Potion            |       |     2 ||     2
  Eat: Chunk             |     5 |     4 ||     9
Armor: Skin              |    21 |     3 ||    24
Dodge: Dodged            |    37 |    14 ||    51
